 Dungeon Crawl Stone Soup version 0.24-a0-115-gd155597332 (webtiles) character file.

Game seed: 15513078370316263897

9192 Maize the Cleaver (level 11, -11/100 HPs)
             Began as a Hill Orc Fighter on Feb 17, 2019.
             Was an Elder of Okawaru.
             Mangled by a reaper
             ... wielding a +0 scythe of slicing
              (34 damage)
             ... in a Gauntlet.
             The game lasted 00:17:48 (10727 turns).

Maize the Cleaver (Hill Orc Fighter)               Turns: 10727, Time: 00:17:49

Health: -11/100    AC: 19    Str: 20    XL:     11   Next: 42%
Magic:  15/15      EV: 10    Int: 10    God:    Okawaru [****..]
Gold:   259        SH: 15    Dex: 13    Spells: 10/10 levels left

rFire    . . .     SeeInvis .   H - +0 war axe (chop)
rCold    . . .     Gourm    .   c - +0 shield
rNeg     . . .     Faith    .   E - +3 chain mail of the World {rPois Int+2}
rPois    +         Spirit   .   (no helmet)
rElec    .         Reflect  +   I - +0 cloak
rCorr    .         Harm     .   s - +1 pair of gloves
MR       .....     NoTele   +   (no boots)
Stlth    ..........             y - +2 amulet of reflection
HPRegen  0.26/turn              P - +2 ring of slaying
MPRegen  0.14/turn              b - ring of flight

@: heroism
A: no striking features
a: Heroism, Renounce Religion, Evoke Flight


You were in a Gauntlet.
You worshipped Okawaru.
Okawaru was greatly pleased with you.
You were near starving.

You visited 2 branches of the dungeon, and saw 11 of its levels.
You also visited: Gauntlet.

You collected 382 gold pieces.
You spent 123 gold pieces at shops.

Inventory:

Hand Weapons
 x - a +2 antimagic war axe
 H - a +0 war axe of chopping (weapon)
Missiles
 G - 7 poisoned tomahawks (quivered)
Armour
 c - a +0 shield (worn)
 s - a +1 pair of gloves (worn)
 E - the +3 chain mail of the World (worn) {rPois Int+2}
   (You found it on level 5 of the Dungeon)

   It affects your intelligence (+2).
   It protects you from poison.
 I - a +0 cloak (worn)
 L - a +0 plate armour
Jewellery
 b - a ring of flight (right hand)
 h - an uncursed ring of fire
 y - a +2 amulet of reflection (around neck)
 P - a +2 ring of slaying (left hand)
Wands
 A - a wand of flame (25)
 O - a wand of acid (4)
 Q - a wand of scattershot (3)
Scrolls
 e - 11 scrolls of teleportation
 j - 3 scrolls of fear
 k - 2 scrolls of blinking
 n - a scroll of fog
 q - 3 scrolls of enchant weapon
 u - a scroll of enchant armour
 v - 3 scrolls of immolation
 C - 2 scrolls of remove curse
 F - a scroll of identify
 J - a scroll of magic mapping
 K - a scroll of amnesia
 N - a scroll of torment {unknown}
Potions
 a - a potion of curing
 d - 3 potions of might
 g - 2 potions of lignification
 i - 3 potions of agility
 l - 2 potions of ambrosia
 m - 6 potions of heal wounds
 o - 2 potions of invisibility
 p - 4 potions of haste
 r - 3 potions of flight
 t - a potion of brilliance
 z - 2 potions of magic
 B - a potion of mutation
 D - a potion of cancellation {unknown}
 M - a potion of berserk rage {unknown}
Comestibles
 f - 19 rations


   Skills:
 + Level 10.2(15.2) Fighting
 * Level 14.4(19.4) Axes
 + Level 6.2(11.2) Armour
 + Level 9.5(14.5) Shields
 + Level 6.2 Invocations


You had 10 spell levels left.
You didn't know any spells.
Your spell library contained the following spells:

 Spells                   Type           Power        Failure   Level  Hunger
 Beastly Appendage        Tmut           #.....       95%         1    ##.....
 Sandblast                Erth           #.....       95%         1    ##.....
 Passwall                 Tmut/Erth      #.......     99%         2    ###....
 Sticks to Snakes         Tmut           #.......     99%         2    ###....
 Spider Form              Tmut/Pois      #.........   100%        3    ####...
 Stone Arrow              Conj/Erth      #.....       100%        3    ####...
 Ice Form                 Ice/Tmut       #.......     100%        4    #####..
 Petrify                  Tmut/Erth      #.......     100%        4    #####..
 Blade Hands              Tmut           #.........   100%        5    ######.
 Lee's Rapid Deconstruct  Erth           #.........   100%        5    ######.


Dungeon Overview and Level Annotations

Branches:
Dungeon (10/15)            Temple (0/1) D:6            Lair (1/6) D:9
    Orc (0/2) D:10

Altars:
Ashenzari
Cheibriados
Fedhas
Gozag
Hepliaklqana
Nemelex Xobeh
Okawaru
Trog
Xom
The Shining One
Beogh

Shops:
D:8 ?

Annotations:
Gauntlet 13 transporters


Message History

You hit the hellwing.
The hellwing is heavily wounded.
You closely miss the reaper.
The hell beast shouts, "Accept thy failure, thou tasty supper!"
The hellwing hits you but does no damage.
The hellwing barely misses you.
You hit the reaper.
The reaper is lightly wounded.
You hit the hellwing.
The reaper hits you with a +0 scythe of slicing!!
* * * LOW HITPOINT WARNING * * *
x2 You block the hellwing's attack. x2
Your chain mail of the World prevents you from hitting the reaper.
The reaper is lightly wounded.
You hit the hellwing but do no damage. You barely miss the reaper.
The reaper is lightly wounded.
You closely miss the hellwing. You block the hellwing's attack. x2
The reaper hits you with a +0 scythe of slicing!!
You die...

###########...###########.#......
#..........§≈...........#.#......
#######....§8≈....#######.#######
.....©#....§§.....#©...........©#
###########...###################
#...#.#...#...#.........#.#Z....#
#..#...#..#...#.........#.#Z.###.
#.##...##2#...#2#######.#.#.##.##
## .#.#..##...##@#.#.#.##.#.#.#.#
.©....#...#.4..©....#.#.#.#©# ##.
#.#..##...#.#.#.#.#.#.#.#s#.#
#.#######.#...#.#######.#.#.#.##.
#..#...#..#...#.........#.#.##.##
#..[$©.=..#...#...[©[(..#.##s##..
###########...###################
.....©#.....≈.....#©...........©#
#######...§≈8≈....#######.#######


You could see a hell beast, a reaper and a hellwing.

Vanquished Creatures
  A worldbinder (Gauntlet)
  2 spiny frogs (Lair:1)
  2 trolls (D:10)
  A queen bee (D:8)
  2 hippogriffs
  A wyvern (D:7)
  A yak (D:9)
  A hungry ghost (D:10)
  2 water moccasins
  4 sky beasts
  6 orc warriors
  2 porcupines (D:9)
  A phantom (D:9)
  6 ice beasts
  An eye of draining (D:4)
  5 black bears
  A necrophage (D:9)
  5 ogres
  A boggart (Gauntlet)
  A crocodile (Lair:1)
  7 centaurs
  A big kobold (D:9)
  A gnoll sergeant (D:9)
  5 bullfrogs
  6 scorpions
  14 killer bees (D:8)
  A howler monkey (D:5)
  5 crimson imps
  5 hounds
  6 jellies
  8 orc wizards
  A quasit (D:2)
  Crazy Yiuf (D:7)
  7 orc priests
  A centaur skeleton (D:7)
  2 iguanas (D:9)
  7 worker ants
  A hound zombie (D:5)
  2 hound skeletons
  2 worker ant zombies
  6 gnolls
  16 adders
  5 shadow imps
  An ooze (D:1)
  2 adder skeletons
  3 worms
  A dart slug (D:3)
  2 leopard geckos
  38 orcs
  11 bats
  6 giant cockroaches
  5 goblins
  8 hobgoblins
  14 jackals
  4 quokkas
  3 ball pythons
  11 frilled lizards
  14 kobolds
  A leopard gecko skeleton (D:4)
  2 quokka skeletons (D:4)
  2 quokka zombies
  4 rats (D:2)
288 creatures vanquished.

Vanquished Creatures (others)
  A leopard gecko (D:9)
  A bush (D:8)
  24 demonic plants (Gauntlet)
  8 fungi
  2 plants (D:9)
36 creatures vanquished.

Grand Total: 324 creatures vanquished

Notes
Turn   | Place    | Note
-------+----------+-------------------------------------------
     0 | D:1      | Maize the Hill Orc Fighter began the quest for the Orb.
     0 | D:1      | Reached XP level 1. HP: 19/19 MP: 1/1
   119 | D:1      | Reached skill level 3 in Axes
   186 | D:1      | Reached XP level 2. HP: 27/27 MP: 2/2
   616 | D:1      | Reached XP level 3. HP: 29/33 MP: 3/3
  1096 | D:2      | Reached skill level 4 in Axes
  1402 | D:2      | Reached XP level 4. HP: 39/40 MP: 4/4
  1532 | D:2      | Noticed a bullfrog
  1549 | D:2      | Killed a bullfrog
  1549 | D:2      | Reached skill level 5 in Axes
  1549 | D:2      | Reached XP level 5. HP: 26/47 MP: 5/5
  2092 | D:3      | You fall through a shaft for 2 floors!
  2092 | D:5      | Entered Level 5 of the Dungeon
  2092 | D:5      | Found an opulent altar of Gozag.
  2096 | D:5      | Noticed an ogre
  2101 | D:5      | Killed an ogre
  2101 | D:5      | Reached skill level 5 in Fighting
  2101 | D:5      | Reached skill level 6 in Axes
  2101 | D:5      | Reached XP level 6. HP: 45/56 MP: 6/6
  2124 | D:5      | Found a glowing golden altar of the Shining One.
  2130 | D:5      | Noticed an ice beast
  2153 | D:5      | Killed an ice beast
  2188 | D:4      | Reached skill level 7 in Axes
  2188 | D:4      | Reached skill level 5 in Shields
  2330 | D:4      | Reached XP level 7. HP: 56/61 MP: 7/7
  2667 | D:3      | Found a faded altar of an unknown god.
  2793 | D:3      | Found a hazy altar of Hepliaklqana.
  3369 | D:4      | Reached skill level 8 in Axes
  3381 | D:4      | Found a bloodstained altar of Trog.
  3531 | D:4      | Reached XP level 8. HP: 34/71 MP: 2/8
  3950 | D:5      | Reached skill level 9 in Axes
  4309 | D:5      | Got a dazzling chain mail
  4320 | D:5      | Identified the +3 chain mail of the World {rPois Int+2}
                  | (You found it on level 5 of the Dungeon)
  4615 | D:6      | Found a snail-covered altar of Cheibriados.
  4661 | D:6      | Found an iron altar of Okawaru.
  4679 | D:6      | Became a worshipper of Warmaster Okawaru
  4814 | D:6      | Found a staircase to the Ecumenical Temple.
  4932 | D:6      | Reached skill level 10 in Axes
  5048 | D:6      | Reached * piety under Okawaru
  5185 | D:7      | Noticed a wyvern
  5208 | D:7      | Reached XP level 9. HP: 79/79 MP: 0/9
  5226 | D:7      | Reached skill level 11 in Axes
  5506 | D:7      | Found a shattered altar of Ashenzari.
  5616 | D:7      | Found a runed translucent door.
  5617 | D:7      | Noticed Crazy Yiuf
  5760 | D:7      | Reached ** piety under Okawaru
  6142 | D:7      | Killed Crazy Yiuf
  6213 | D:8      | Reached skill level 12 in Axes
  6227 | D:8      | Found Jill's Magic Scroll Emporium.
  6234 | D:8      | Bought a scroll of teleportation for 39 gold pieces
  6234 | D:8      | Bought a scroll of magic mapping for 45 gold pieces
  6234 | D:8      | Bought a scroll of teleportation for 39 gold pieces
  6379 | D:8      | Found a blossoming altar of Fedhas.
  6401 | D:8      | Reached skill level 1 in Invocations
  6614 | D:8      | Reached XP level 10. HP: 84/90 MP: 3/11
  6634 | D:8      | Reached *** piety under Okawaru
  6896 | D:8      | Received a gift from Okawaru
  7179 | D:8      | Reached skill level 13 in Axes
  7450 | D:9      | Reached **** piety under Okawaru
  7460 | D:9      | Reached skill level 5 in Armour
  8030 | D:9      | Found a sparkling altar of Nemelex Xobeh.
  8149 | D:9      | Found a staircase to the Lair.
  8182 | D:9      | Found a shimmering altar of Xom.
  8382 | D:9      | Reached skill level 5 in Invocations
  8553 | D:9      | Found a sparkling altar of Nemelex Xobeh.
  8644 | D:9      | Reached XP level 11. HP: 99/99 MP: 4/14
  8770 | D:10     | Entered Level 10 of the Dungeon
  8954 | D:10     | Reached skill level 10 in Fighting
  8954 | D:10     | Reached skill level 14 in Axes
  9590 | D:10     | Found a staircase to the Orcish Mines.
  9655 | D:10     | Found a roughly hewn altar of Beogh.
  9992 | Lair:1   | Entered Level 1 of the Lair of Beasts
 10315 | Lair:1   | Found a gate leading to a gauntlet.
 10330 | Gauntlet | Entered a Gauntlet
 10330 | Gauntlet | Found a transporter.
 10330 | Gauntlet | Found a transporter.
 10339 | Gauntlet | Found a transporter.
 10350 | Gauntlet | Found a transporter.
 10367 | Gauntlet | Noticed a red ugly thing
 10367 | Gauntlet | Noticed a great orb of eyes
 10368 | Gauntlet | Found a transporter.
 10368 | Gauntlet | Noticed a cyan ugly thing
 10381 | Gauntlet | Found a transporter.
 10470 | Gauntlet | Noticed a worldbinder
 10471 | Gauntlet | Found a transporter.
 10486 | Gauntlet | Found a transporter.
 10499 | Gauntlet | Noticed a death scarab
 10512 | Gauntlet | Found a transporter.
 10515 | Gauntlet | Found a transporter.
 10531 | Gauntlet | Noticed a wretched star
 10532 | Gauntlet | Found a transporter.
 10546 | Gauntlet | Noticed a death scarab
 10599 | Gauntlet | Found a transporter.
 10608 | Gauntlet | Noticed a reaper
 10611 | Gauntlet | Found a transporter.
 10619 | Gauntlet | Found a transporter.
 10631 | Gauntlet | Found a transporter.
 10632 | Gauntlet | Noticed a hell beast
 10641 | Gauntlet | Found a transporter.
 10666 | Gauntlet | Killed a worldbinder
 10666 | Gauntlet | Received a gift from Okawaru
 10727 | Gauntlet | Mangled by a reaper

Levels and vault maps discovered:
D:1:      psy_arrival_radial01, layout_basic, serial_curves, eino_curves_03,
          eino_curves_03
D:2:      minmay_wonky_spiral, layout_basic, first_ration
D:3:      layout_basic, lemuel_coloured_pillars_altar,
          chequers_ecumenical_altar_simple
D:4:      layout_loops_cross, trog_eyes_of_draining
D:5:      layout_loops_ring, grunt_gozag_statues, tso_metal_star, serial_rivers,
          chequers_serial_rivers_small_b, chequers_serial_rivers_marsh,
          chequers_serial_rivers_micro_e, chequers_serial_rivers_micro_d
D:6:      layout_loops_ring, minmay_temple_entry_crystal_x, basic_altar,
          okawaru_gym_becter
D:7:      layout_loops_ring, nicolae_ashenzari_panopticon,
          uniq_crazy_yiuf_cottage
D:8:      layout_basic, fedhas_altar_3, serial_shops, shop, david_nohive_1,
          kb_lookout_dungeons_type
D:9:      minmay_razor_zed, layout_loops_ring, old_standard_altar,
          kennysheep_little_box, grunt_lair_entry_orc_guard_hut, minivault_20,
          nemelex_spade_bored_becter
D:10:     layout_loops_ring, minmay_orc_entry_temple_small
Lair:1:   layout_regular_city, gauntlet_entry_generic, minivault_27
Gauntlet: gammafunk_gauntlet_branching [gammafunk_gauntlet_arena_grid,
          gammafunk_gauntlet_arena_arrow_garden,
          gammafunk_gauntlet_arena_spirals, gammafunk_gauntlet_arena_teeth,
          gammafunk_gauntlet_arena_chambers, gammafunk_gauntlet_arena_hedges,
          nicolae_gauntlet_arena_flowing_pool, gammafunk_gauntlet_arena_split_x,
          gauntlet_exit_green]

Skill      XL: |  1  2  3  4  5  6  7  8  9 10 11 |
---------------+----------------------------------+-----
Axes           | 3 4 5 6 7 8 10 12 13 14 | 14.4
Fighting       | 4 5 6 7 8 9 10 | 10.2
Shields        | 4 5 7 8 9 |  9.5
Invocations    | 2 5 6 |  6.2
Armour         | 5 6 |  6.2

Action                   |  1- 3 |  4- 6 |  7- 9 | 10-12 || total
-------------------------+-------+-------+-------+-------++-------
Melee: War axe           |   120 |   125 |   401 |   527 ||  1173
Invok: Heroism           |       |       |     1 |     8 ||     9
  Use: Scroll            |       |       |    15 |     9 ||    24
       Potion            |       |       |       |     1 ||     1
  Eat: Chunk             |     2 |     3 |    14 |    15 ||    34
Armor: Scale mail        |    60 |    71 |    61 |       ||   192
       Chain mail        |       |       |   127 |   170 ||   297
Dodge: Dodged            |    51 |    71 |    81 |   115 ||   318
Block: Shield            |    72 |    74 |   218 |   353 ||   717
       Reflection        |       |       |     7 |    10 ||    17

Table legend:
 A = Non-vault XP
 B = Vault XP
 C = Vault XP percentage of total XP
 D = Non-vault monster count
 E = Vault monster count
 F = Vault count percentage of total count
                 A         B        C        D         E       F
            +---------+---------+-------+---------+---------+-------
      Total |    9362 |    3770 |  28.7 |     239 |      50 |  17.3
            +---------+---------+-------+---------+---------+-------
        D:1 |      45 |       0 |   0.0 |      24 |       0 |   0.0
        D:2 |     184 |      15 |   7.5 |      21 |       2 |   8.7
        D:3 |     152 |       0 |   0.0 |      31 |       0 |   0.0
        D:4 |     504 |     144 |  22.2 |      23 |       3 |  11.5
        D:5 |     623 |       0 |   0.0 |      17 |       0 |   0.0
        D:6 |     629 |       0 |   0.0 |      11 |       0 |   0.0
        D:7 |    1342 |      41 |   3.0 |      27 |       1 |   3.6
        D:8 |    1619 |    1184 |  42.2 |      27 |      15 |  35.7
        D:9 |    1436 |    1640 |  53.3 |      37 |      20 |  35.1
       D:10 |    1770 |      96 |   5.1 |      17 |       7 |  29.2
     Lair:1 |    1058 |       0 |   0.0 |       4 |       0 |   0.0
   Gauntlet |       0 |     650 | 100.0 |       0 |       2 | 100.0
            +---------+---------+-------+---------+---------+-------
